 Dungeon Crawl Stone Soup version 0.19-a0-1792-g28b16ba (webtiles) character file.

332 Amnesiac the Magician (level 6, 0/41 HPs)
             Began as a Mummy Wizard on Oct 5, 2016.
             Killed by divine providence
             ... invoked by an orc priest
              (9 damage)
             ... on level 4 of the Dungeon.
             The game lasted 00:07:07 (3529 turns).

Amnesiac the Magician (Mummy Wizard)                Turns: 3529, Time: 00:07:08

Health: 0/41       AC:  2    Str: 11    XL:     6   Next: 26%
Magic:  12/15      EV:  9    Int: 17    God:
Gold:   88         SH:  0    Dex: 12    Spells: 6 memorised, 5 levels left

rFire  x . .     SeeInvis .     i - +1 quarterstaff
rCold  + . .     Gourm    .     a - +0 robe
rNeg   + + +     Faith    .     (shield currently unavailable)
rPois  ∞         Spirit   .     b - +0 hat
rElec  .         Dismiss  .     (no cloak)
rCorr  .         Reflect  .     (no gloves)
MR     .....     Harm     .     (no boots)
Stlth  ++........               (no amulet)
                                (no ring)
                                f - -3 ring of evasion (curse)

@: repel missiles
A: no food or potions, fire vulnerability, cold resistance 1, negative energy
resistance 3, torment resistance, unbreathing
a: no special abilities


You were on level 4 of the Dungeon.
You were not hungry.

You visited 1 branch of the dungeon, and saw 4 of its levels.

You collected 88 gold pieces.

Inventory:

Hand Weapons
 i - a +1 quarterstaff (weapon)
Armour
 a - a +0 robe (worn)
 b - a +0 hat (worn)
Jewellery
 f - a cursed -3 ring of evasion (left hand)
Wands
 h - a wand of flame (28/48)
Scrolls
 d - a scroll of noise {unknown}
 e - a scroll of enchant weapon
 g - a scroll of identify
Books
 c - a book of Minor Magic

   Spells                             Type                      Level
   a - Magic Dart                     Conjuration                  1
   b - Blink                          Translocation                2
   c - Call Imp                       Summoning                    2
   d - Repel Missiles                 Charms/Air                   2
   e - Slow                           Hexes                        2
   f - Conjure Flame                  Conjuration/Fire             3
   g - Mephitic Cloud                 Conjuration/Poison/Air       3


   Skills:
 - Level 1.5 Dodging
 - Level 1.5 Stealth
 + Level 6.5 Spellcasting
 - Level 1.0 Conjurations
 - Level 0.7 Summonings
 - Level 0.7 Translocations


You had 5 spell levels left.
You knew the following spells:

 Your Spells              Type           Power        Failure   Level  Hunger
a - Repel Missiles        Chrm/Air       #.....       21%         2    N/A
b - Blink                 Tloc           N/A          17%         2    N/A
d - Call Imp              Summ           #.......     17%         2    N/A
e - Mephitic Cloud        Conj/Pois/Air  #.......     38%         3    N/A
f - Magic Dart            Conj           #...         10%         1    N/A
s - Conjure Flame         Conj/Fire      #.......     30%         3    N/A

Dungeon Overview and Level Annotations

Branches:
Dungeon (4/15)
 Temple: D:4-7

Altars:


Innate Abilities, Weirdness & Mutations

You do not eat or drink.
Your flesh is vulnerable to fire.
You are immune to poison.
Your flesh is cold resistant. (rC+)
You are immune to negative energy. (rN+++)
You are immune to unholy pain and torment.
You can survive without breathing.


Message History

Okay, then.
Your crimson imp disappears in a puff of smoke!
The orc wizard hits your crimson imp with a dagger.
Your crimson imp barely misses the orc.
Your crimson imp hits the orc wizard but does no damage.
The orc wizard looks encouraged for a moment.
Your crimson imp hits the orc but does no damage.
Your crimson imp barely misses the orc wizard.
The orc wizard hits your crimson imp with a dagger.
The orc hits you from afar with a trident.
Your crimson imp hits the orc wizard.
Your crimson imp misses the orc.
The orc priest closely misses your crimson imp.
The orc wizard hits your crimson imp but does no damage.
The orc hits you from afar with a trident.
* * * LOW HITPOINT WARNING * * *
Your crimson imp hits the orc.
Your crimson imp hits the orc wizard but does no damage.
The orc priest mumbles some strange prayers to Beogh against you.
Beogh smites you!
You die...

#.#...#...#.## #######..
#.###.#.###..#######......##
#.....#............!.######
#.###########...######
#..### #.### #....#
####...### ##....##
#........## ##......#
#.........### ##.......#
#.@.........##
##........####5...........#
##
##..........§.oo......!....#
##.
#.........)...o5...........#
#..
#..........####...........##
##.. ...o.......#
#...........# ##...
...).......# #..........##
#.... ...........#
###........# ##....
...........# #..#.....##
#.....


You could see an orc priest, an orc wizard, an orc and 2 friendly crimson imps.

Vanquished Creatures
  A scorpion (D:4)
  A howler monkey (D:4)
  An iguana (D:4)
  A hound skeleton (D:4)
  3 adders
  An adder skeleton (D:4)
  6 orcs (D:4)
  A ball python (D:2)
  2 giant cockroaches
  5 goblins
  6 jackals
  2 bats
  3 frilled lizards
  A kobold (D:1)
34 creatures vanquished.

Vanquished Creatures (collateral kills)
  An ogre (D:4)
  2 orc priests (D:4)
  An iguana (D:4)
  An orc wizard (D:4)
  2 worker ants (D:4)
  3 adders
  An ooze (D:3)
  A worm (D:4)
  An orc (D:4)
  A giant cockroach (D:4)
  A goblin (D:2)
  5 jackals
20 creatures vanquished.

Grand Total: 54 creatures vanquished

Notes
Turn   | Place    | Note
-------+----------+-------------------------------------------
     0 | D:1      | Amnesiac the Mummy Wizard began the quest for the Orb.
     0 | D:1      | Reached XP level 1. HP: 13/13 MP: 4/4
    40 | D:1      | Reached skill level 1 in Conjurations
   406 | D:1      | Reached XP level 2. HP: 19/19 MP: 4/6
   410 | D:1      | Learned a level 2 spell: Call Imp
   685 | D:2      | Reached XP level 3. HP: 19/24 MP: 0/8
   693 | D:2      | Learned a level 3 spell: Mephitic Cloud
   697 | D:2      | Learned a level 3 spell: Conjure Flame
   867 | D:3      | Reached skill level 4 in Spellcasting
  1583 | D:4      | Reached XP level 4. HP: 21/30 MP: 6/10
  1618 | D:4      | Learned a level 2 spell: Repel Missiles
  1775 | D:4      | Reached skill level 5 in Spellcasting
  1821 | D:4      | Learned a level 2 spell: Blink
  2211 | D:4      | Reached XP level 5. HP: 19/35 MP: 8/12
  2994 | D:4      | Reached skill level 6 in Spellcasting
  3110 | D:4      | Noticed an ogre
  3120 | D:4      | Killed an ogre
  3120 | D:4      | Reached XP level 6. HP: 41/41 MP: 9/15
  3529 | D:4      | Killed from afar by an orc priest

Vault maps used:
D:1:      dpeg_arrival_arbitrary_a
D:2:      minmay_wonky_spiral
D:3:      first_bread, roderic_bali_sauvastika, serial_bayou_lagoon_b,
          uniq_grinder
D:4:      minmay_misc_feat_ornament

Skill      XL: |  1  2  3  4  5 |
---------------+----------------+-----
Conjurations   | 1 |  1.0
Spellcasting   | 4 5 6 |  6.5
Dodging        | |  1.5
Stealth        | |  1.5
Summonings     | |  0.7
Translocations | |  0.7

Action                   |  1- 3 |  4- 6 || total
-------------------------+-------+-------++-------
Melee: Unarmed           |    34 |       ||    34
       War axe           |    13 |     6 ||    19
       Quarterstaff      |       |    60 ||    60
 Cast: Magic Dart        |    35 |     7 ||    42
       Call Imp          |    16 |    31 ||    47
       Conjure Flame     |       |     3 ||     3
       Mephitic Cloud    |       |     6 ||     6
       Repel Missiles    |       |     1 ||     1
  Use: Scroll            |       |     3 ||     3
 Stab: Distracted        |     1 |       ||     1
       Confused          |       |     1 ||     1
Armor: Robe              |    10 |     7 ||    17
Dodge: Dodged            |    66 |    51 ||   117
